 Dungeon Crawl Stone Soup version 0.22-a0-833-g8522bf8125 (webtiles) character file.

87 Htamos the Ducker (level 4, -1/29 HPs)
             Began as a Kobold Monk on July 25, 2018.
             Slain by Natasha (5 damage)
             ... on level 3 of the Dungeon.
             The game lasted 00:04:21 (3266 turns).

Htamos the Ducker (Kobold Monk)                     Turns: 3266, Time: 00:04:22

Health: -1/29      AC:  8    Str:  8    XL:     4   Next: 80%
Magic:  4/4        EV: 17    Int: 11    God:
Gold:   116        SH:  0    Dex: 18    Spells: 3/3 levels left

rFire    . . .     SeeInvis .   g - +0 dagger
rCold    . . .     Gourm    .   (shield restricted)
rNeg     . . .     Faith    .   m - +0 leather armour
rPois    .         Spirit   .   (no helmet)
rElec    .         Reflect  .   l - +0 cloak
rCorr    .         Harm     .   (no gloves)
MR       .....                  (no boots)
Stlth    ++........             (no amulet)
HPRegen  0.09/turn              (no ring)
MPRegen  0.09/turn              (no ring)

@: no status effects
A: small, icy blue scales 1, slimy green scales 1, carnivore, evolution 1
a: no special abilities


You were on level 3 of the Dungeon.
You were very full.

You visited 1 branch of the dungeon, and saw 3 of its levels.

You collected 116 gold pieces.

Inventory:

Hand Weapons
 a - a +0 short sword
 g - a +0 dagger (weapon)
 j - a -1 spear
Missiles
 d - 141 stones (quivered)
 e - 14 poisoned needles
Armour
 b - a +0 robe
 l - a +0 cloak (worn)
 m - a +0 leather armour (worn)
Scrolls
 f - a scroll of teleportation
 i - a scroll of identify
Potions
 n - 2 potions of flight
Comestibles
 c - 2 rations


   Skills:
 + Level 3.9 Fighting
 + Level 4.7 Short Blades
 * Level 4.9 Dodging
 + Level 3.5 Stealth


You had 3 spell levels left.
You didn't know any spells.
Your spell library was empty.

Dungeon Overview and Level Annotations

Branches:
Dungeon (3/15)

Altars:

Annotations:
D:3 Natasha


Innate Abilities, Weirdness & Mutations

You are small and have problems with some larger weapons.
You are carnivorous and can eat meat at any time.
You are partially covered in icy blue scales. (AC +2)
You are partially covered in slimy green scales. (AC +2)
You evolve.


Message History

The hobgoblin barely misses you.
Natasha wildly gestures.
Natasha glows brightly for a moment.
Natasha barely misses you.
You feel yourself speed up. The hobgoblin closely misses you.
Unknown command.
You hit Natasha.
Natasha is heavily wounded.
Natasha closely misses you.
You closely miss Natasha.
Natasha is heavily wounded.
The hobgoblin barely misses you. Natasha closely misses you.
You hit Natasha.
Natasha is severely wounded.
The hobgoblin completely misses you.
You hit Natasha.
Natasha is severely wounded.
Natasha claws you.
You die...

#..$......# #..
#..#.#.#..####..#.#.
#...................
#..#.#.#.##.....#.#.
#........#..##......
#...#....#..##..#.#. #
#..#....##......
########.##..###......
#....@g.......##......
#....h..##.....#......
#.......#...##.......>
#.....###.#.##.....#..
#...### ###.####.#...#
#... #.# #.###.. #.5.
#.# #)##..# #... #.
#...<.. .. .....##


You could see Natasha, a crimson imp and a hobgoblin.

Vanquished Creatures
  2 adders
  A shadow imp (D:3)
  2 dart slugs
  An orc (D:3)
  5 bats
  2 giant cockroaches
  6 goblins
  9 hobgoblins
  2 jackals (D:1)
  11 kobolds
  A quokka (D:2)
  5 frilled lizards
  6 rats
53 creatures vanquished.

Notes
Turn   | Place    | Note
-------+----------+-------------------------------------------
     0 | D:1      | Htamos the Kobold Monk began the quest for the Orb.
     0 | D:1      | Reached XP level 1. HP: 14/14 MP: 1/1
   253 | D:1      | Reached XP level 2. HP: 13/19 MP: 2/2
   772 | D:1      | Reached XP level 3. HP: 21/23 MP: 3/3
  1696 | D:2      | Reached XP level 4. HP: 29/29 MP: 4/4
  2547 | D:3      | Gained mutation: You are partially covered in icy blue scales. (AC +2) [potion of mutation]
  2547 | D:3      | Gained mutation: You evolve. [potion of mutation]
  2547 | D:3      | Gained mutation: You are partially covered in slimy green scales. (AC +2) [potion of mutation]
  3246 | D:3      | Noticed Natasha
  3266 | D:3      | Slain by Natasha

Vault maps used:
D:1:      dpeg_arrival_morbid_curiosity
D:3:      okawaru_altar_gauntlet_db, serial_glass, glass_columns_b,
          glass_columns_b, glass_columns_c, glass_columns_a, glass_columns_c,
          glass_columns_a, glass_columns_b, glass_columns_a, glass_columns_a,
          glass_columns_b, glass_columns_b, glass_columns_a, glass_columns_c,
          glass_columns_a, uniq_natasha

Skill      XL: |  1  2  3 |
---------------+----------+-----
Dodging        | 4 |  4.9
Stealth        | 3 |  3.5
Fighting       | |  3.9
Short Blades   | |  4.7

Action                   |  1- 3 |  4- 6 || total
-------------------------+-------+-------++-------
Melee: Short sword       |    86 |       ||    86
       Dagger            |    45 |   151 ||   196
       Spear             |       |     5 ||     5
  Use: Potion            |       |     5 ||     5
       Scroll            |       |     2 ||     2
 Stab: Sleeping          |     8 |     3 ||    11
  Eat: Chunk             |    11 |     4 ||    15
Armor: Robe              |    16 |     5 ||    21
       Leather armour    |       |     4 ||     4
Dodge: Dodged            |   103 |    95 ||   198

Table legend:
 A = Spawn XP
 B = Non-spawn XP
 C = Spawn XP percentage of total XP
 D = Spawn monster count
 E = Non-spawn monster count
 F = Spawn count percentage of total count
 G = Total turns spent on level
                    A         B        C        D         E        F      G
               +---------+---------+-------+---------+---------+-------+---------
         Total |       0 |     125 |   0.0 |       0 |      53 |   0.0 |  3266
               +---------+---------+-------+---------+---------+-------+---------
           D:1 |       0 |      43 |   0.0 |       0 |      22 |   0.0 |  1367
           D:2 |       0 |      44 |   0.0 |       0 |      20 |   0.0 |  1034
           D:3 |       0 |      38 |   0.0 |       0 |      11 |   0.0 |   865
               +---------+---------+-------+---------+---------+-------+---------
